 Dungeon Crawl Stone Soup version 0.26-a0-346-g33516b1736 (webtiles) character file.

Game seed: 2004424592002003013

22118 Glokmah the Protected (level 12, -34/95 HPs)
             Began as a Gnoll Wanderer on July 17, 2020.
             Was an Initiate of Gozag.
             Killed from afar by a quicksilver dragon (shapeshifter) (40 damage)
             ... with a bolt of dispelling energy
             ... while paralysed by a great orb of eyes
             ... in a Gauntlet.
             The game lasted 00:48:42 (15145 turns).

Glokmah the Protected (Gnoll Wanderer)             Turns: 15145, Time: 00:48:42

Health: -34/95     AC: 13    Str: 23    XL:     12   Next: 97%
Magic:  19/23      EV:  2    Int: 14    God:    Gozag
Gold:   2848       SH:  0    Dex: 18    Spells: 8/26 levels left

rFire    + . .     SeeInvis +   a - +5 falchion of Expedience {drain, *Slow +Inv SInv Stlth+}
rCold    + . .     Faith    .   S - +0 buckler
rNeg     + . .     Spirit   .   u - +3 leather armour {rPois}
rPois    +         Reflect  +   l - +1 helmet
rElec    +         Harm     .   (no cloak)
rCorr    +         NoTele   +   o - +2 pair of gloves
MR       +....                  (no boots)
Stlth    +++++.....             q - amulet of reflection
HPRegen  0.25/turn              m - +6 ring of strength
MPRegen  0.18/turn              y - ring "Sidog" {+Fly rN+ MR+}

@: paralysed, mighty, resistant (expiring), stab, very slightly contaminated,
hasted (expiring)
A: distributed training, fangs 1, strong nose
a: Potion Petition, Call Merchant, Bribe Branch, Renounce Religion, Evoke
Invisibility, Evoke Flight


You were in a Gauntlet.
You worshipped Gozag.
Gozag was most pleased with you.
You visited 2 branches of the dungeon, and saw 13 of its levels.
You also visited: Sewer and Gauntlet.

You collected 3434 gold pieces.
You paid 586 gold pieces to Gozag.

Inventory:

Hand Weapons
 a - the +5 falchion of Expedience (weapon) {drain, *Slow +Inv SInv Stlth+}
   (You found it on level 10 of the Dungeon)

   A truly terrible weapon, it drains the life of those it strikes.
   It lets you see invisible.
   It lets you turn invisible.
   It may slow you when you take damage.
   It makes you more stealthy.
 b - a +2 war axe of holy wrath
 c - a +3 hunting sling of freezing
 d - a +2 quarterstaff of speed
 e - a +2 antimagic mace
 Y - a +0 mace of protection
Missiles
 i - 474 stones
 j - 51 poisoned darts (quivered)
 x - 5 throwing nets
 F - 7 javelins
 J - 2 boomerangs
 M - 7 atropa-tipped darts
 P - 90 sling bullets
 Q - 6 datura-tipped darts
Armour
 l - a +1 helmet (worn)
 o - a +2 pair of gloves (worn)
 u - a +3 leather armour of poison resistance (worn)
 C - a +1 chain mail of fire resistance
 S - a +0 buckler (worn)
Magical Staves
 O - an uncursed staff of death
Jewellery
 m - a +6 ring of strength (left hand)
 q - an amulet of reflection (around neck)
 y - the ring "Sidog" (right hand) {+Fly rN+ MR+}
   (You found it on level 4 of the Dungeon)

   [ring of positive energy]

   It protects you from negative energy.
   It affects your resistance to hostile enchantments.
   It lets you fly.
 Z - an uncursed ring of protection from fire {unknown}
Wands
 t - a wand of paralysis (7)
 B - a wand of disintegration (21)
 E - a wand of digging (8)
 N - a wand of iceblast (5)
 U - a wand of polymorph (10)
Scrolls
 f - 6 scrolls of remove curse
 h - 9 scrolls of teleportation
 n - 2 scrolls of amnesia
 v - a scroll of fear
 D - 2 scrolls of blinking
 T - 2 scrolls of acquirement {unknown}
 V - a scroll of immolation {unknown}
 W - a scroll of torment {unknown}
 X - a scroll of summoning
Potions
 g - 2 potions of lignification
 k - 11 potions of curing
 p - 9 potions of brilliance
 r - a potion of invisibility
 s - 3 potions of magic
 w - a potion of cancellation
 z - 4 potions of flight
 A - 3 potions of might
 G - 2 potions of heal wounds
 H - a potion of haste
 I - a potion of mutation
 R - a potion of stabbing {unknown}
Miscellaneous
 K - a lightning rod (4/4)
 L - a tin of tremorstones (3/3)


   Skills:
 + Level 9.1 Fighting
 + Level 7.8 Short Blades
 + Level 7.8 Long Blades
 + Level 7.8 Axes
 + Level 7.8 Maces & Flails
 + Level 7.8 Polearms
 + Level 9.1 Staves
 + Level 7.8 Slings
 + Level 7.8 Bows
 + Level 7.8 Crossbows
 + Level 8.3 Throwing
 + Level 9.1 Armour
 + Level 8.3 Dodging
 + Level 9.0 Stealth
 + Level 7.8 Shields
 + Level 7.8 Unarmed Combat
 + Level 7.8 Spellcasting
 + Level 6.5 Conjurations
 + Level 6.5 Hexes
   Level 0.0 Charms
 + Level 6.5 Summonings
 + Level 6.5 Necromancy
 + Level 6.5 Translocations
 + Level 6.5 Transmutations
 + Level 6.5 Fire Magic
 + Level 6.5 Ice Magic
 + Level 6.5 Air Magic
 + Level 6.5 Earth Magic
 + Level 6.5 Poison Magic
 + Level 8.6 Invocations
 + Level 7.8 Evocations


You had 8 spell levels left.
You knew the following spells:

 Your Spells              Type           Power        Failure   Level
a - Searing Ray           Conj           ###...       1%          2
b - Frozen Ramparts       Ice            ###...       3%          3
c - Ozocubu's Armour      Ice            ###.....     3%          3
d - Summon Ice Beast      Ice/Summ       ###.....     10%         4
e - Mephitic Cloud        Conj/Pois/Air  ###.....     3%          3
f - Apportation           Tloc           ###...       1%          1
g - Animate Skeleton      Necr           ###...       1%          1
h - Freeze                Ice            ###.         1%          1

Your spell library contained the following spells:

 Spells                   Type           Power        Failure   Level
 Corona                   Hex            ###....      1%          1
 Magic Dart               Conj           ###.         1%          1
 Summon Small Mammal      Summ           ###.         1%          1
 Poisonous Vapours        Pois/Air       ###...       1%          2
 Conjure Flame            Conj/Fire      ###.....     3%          3
 Dazzling Flash           Conj/Hex       ###...       3%          3
 Fulminant Prism          Conj/Hex       ###.......   10%         4
 Hailstorm                Conj/Ice       ###.....     10%         4
 Iskenderun's Mystic Bla  Conj/Tloc      ###.....     10%         4
 Freezing Cloud           Conj/Ice/Air   ###.......   83%         6


Dungeon Overview and Level Annotations

Branches:
Dungeon (11/15)            Temple (0/1) D:6            Lair (2/6) D:10
  Sewer (visited)         Gauntlet (1/1)
  Swamp: Lair:2-4    Shoals: Lair:2-4     Snake: Lair:2-4    Spider: Lair:2-4
    Orc: D:9-12

Altars:
Cheibriados
Elyvilon
Fedhas
Gozag
Kikubaaqudgha
Qazlal
Ru
Sif Muna
Trog

Annotations:
Gauntlet 11 transporters, 16 runed translucent doors


Innate Abilities, Weirdness & Mutations

Your experience applies equally to all skills.
You have very sharp teeth.
Your uncanny sense of smell can sniff out nearby items.


Message History

[b] - 560 gold - haste, resistance, might and stabbing [c] - 338 gold - haste and flight Purchase which effect?
You no longer have enough gold to bribe branches to halt enemies' attacks and recruit allies.
You feel yourself speed up.
You feel protected.
You feel very mighty all of a sudden.
You feel ready to backstab.
You feel yourself speed up.
The quicksilver dragon bites you but does no damage.
The quicksilver dragon claws you.
* * * LOW HITPOINT WARNING * * *
The great orb of eyes gazes at you.
You suddenly lose the ability to move!
Your ice beast hits the quicksilver dragon.
Your ice beast freezes the quicksilver dragon!
The dream sheep ruffles its wool and motes of dream dust sparkle, to no effect.
The quicksilver dragon breathes dispelling energy at you.
The bolt of dispelling energy hits you!!!
Your magical effects are unravelling.
You die...
Your body crumbles into a pile of gold.

#8#..###########...#######
###..#.........#...#.^....
#....#.#.....#.#...#......
###....#..##.##.[#...#=.#P..
#8#..###..##.##.(#...#?.PP.^
###..#©#y.#.©.#.©#...#©..^©.
#..#.#..##.##.?#...#.....P
###..#.#.Y##.##..#...#!P#P.P
#8#..#.#.#D@...#.#...#...^b.
########..#.#..GY.....#...#hhb...
8#........#.###########...#######
##........#.#...........≈........
....#######.#######....≈8≈....###
....#©...........©#.....≈.....#©.
#######################...#######
#...!©[...#≈#...(©....#...#...!Z.
#.#...#.#.#≈#.........#...#.#....


You could see a quicksilver dragon shaped shifter (catching breath), a great orb
of eyes shaped shifter, a dream sheep shaped shifter and a friendly ice beast
(summoned, slow).

Vanquished Creatures
  Harold (D:8)
  2 hydras (Lair:1)
  A two-headed ogre (D:8)
  An unseen horror (D:11)
  An oklob plant (Gauntlet)
  A cyclops (D:11)
  2 cane toads
  5 komodo dragons
  A troll (D:10)
  Prince Ribbit (D:8)
  A blink frog (Lair:2)
  5 hippogriffs
  2 wyverns
  19 yaks
  Eustachio (D:5)
  Grum (D:8)
  2 acid dragons (Gauntlet)
  5 porcupines
  3 water moccasins
  3 ice beasts
  3 orc warriors
  3 phantoms
  3 sky beasts
  An ogre (D:11)
  An eye of draining (D:11)
  2 necrophages
  3 wolves (D:8)
  4 centaurs
  9 crocodiles
  6 big kobolds (Sewer)
  5 bullfrogs
  4 scorpions
  A water moccasin skeleton (D:9)
  3 killer bees (D:9)
  A vampire bat (D:5)
  5 wights (D:11)
  2 howler monkeys
  A bullfrog zombie (D:6)
  2 electric eels (Lair:2)
  4 hounds
  A gnoll shaman (D:7)
  3 bullfrog skeletons
  A centaur skeleton (D:7)
  5 orc priests
  5 jellies
  13 orc wizards
  6 iguanas
  9 worker ants
  A hound zombie (D:7)
  A hound skeleton (D:7)
  A howler monkey zombie (D:5)
  3 worker ant zombies
  9 gnolls
  13 adders
  3 river rats (D:6)
  6 shadow imps
  5 white imps
  2 oozes
  An adder skeleton (D:8)
  An adder zombie (D:5)
  3 dart slugs (D:1)
  6 leopard geckos
  39 orcs
  4 bat skeletons (D:5)
  3 bat zombies (D:5)
  6 giant cockroaches
  8 goblins
  8 hobgoblins
  4 jackals
  18 kobolds
  2 quokkas
  3 ball pythons
  A ball python skeleton (D:5)
  4 bats
  4 frilled lizards
  A quokka skeleton (D:6)
  7 rats
  A plant (Sewer)
332 creatures vanquished.

Vanquished Creatures (collateral kills)
  A hydra (D:8)
  A wizard (Gauntlet)
  3 blink frogs (Lair:2)
  A yak (D:10)
  A porcupine (D:10)
  A nameless horror (Gauntlet)
  A quasit (D:11)
  An adder (D:8)
10 creatures vanquished.

Vanquished Creatures (others)
  An orc wizard (D:6)
  18 demonic plants (Gauntlet)
  A fungus (Lair:2)
  2 plants
22 creatures vanquished.

Grand Total: 364 creatures vanquished

Notes
Turn   | Place    | Note
-------+----------+-------------------------------------------
     0 | D:1      | Glokmah the Gnoll Wanderer began the quest for the Orb.
     0 | D:1      | Glokmah set off with the following items: a +2
                  | quarterstaff, a +0 falchion, a +0 ring mail, a +0 dagger
     0 | D:1      | Reached XP level 1. HP: 20/20 MP: 1/1
   104 | D:1      | Reached XP level 2. HP: 26/26 MP: 2/2
   397 | D:1      | Reached XP level 3. HP: 29/31 MP: 3/3
   986 | D:2      | Reached skill level 1 in Invocations
  1122 | D:2      | Found a shimmering blue altar of Sif Muna.
  1128 | D:2      | Found an opulent altar of Gozag.
  1131 | D:2      | Found a blossoming altar of Fedhas.
  1140 | D:2      | Became a worshipper of Gozag Ym Sagoz the Greedy
  1326 | D:2      | Reached skill level 1 in Short Blades
  1326 | D:2      | Reached skill level 1 in Long Blades
  1326 | D:2      | Reached skill level 1 in Axes
  1326 | D:2      | Reached skill level 1 in Maces & Flails
  1326 | D:2      | Reached skill level 1 in Polearms
  1326 | D:2      | Reached skill level 1 in Slings
  1326 | D:2      | Reached skill level 1 in Bows
  1326 | D:2      | Reached skill level 1 in Crossbows
  1326 | D:2      | Reached skill level 1 in Shields
  1326 | D:2      | Reached skill level 1 in Unarmed Combat
  1326 | D:2      | Reached skill level 1 in Spellcasting
  1326 | D:2      | Reached skill level 1 in Evocations
  1457 | D:2      | Found a snail-covered altar of Cheibriados.
  1595 | D:3      | Reached XP level 4. HP: 35/38 MP: 5/5
  1842 | D:3      | Found a faded altar of an unknown god.
  1899 | D:3      | Reached skill level 1 in Conjurations
  1899 | D:3      | Reached skill level 1 in Hexes
  1899 | D:3      | Reached skill level 1 in Summonings
  1899 | D:3      | Reached skill level 1 in Necromancy
  1899 | D:3      | Reached skill level 1 in Translocations
  1899 | D:3      | Reached skill level 1 in Transmutations
  1899 | D:3      | Reached skill level 1 in Fire Magic
  1899 | D:3      | Reached skill level 1 in Ice Magic
  1899 | D:3      | Reached skill level 1 in Air Magic
  1899 | D:3      | Reached skill level 1 in Earth Magic
  1899 | D:3      | Reached skill level 1 in Poison Magic
  2172 | D:3      | Reached XP level 5. HP: 5/43 MP: 5/7
  2598 | D:3      | Reached XP level 6. HP: 50/50 MP: 8/8
  2710 | D:3      | Found a bloodstained altar of Trog.
  2984 | D:4      | Noticed a phantom
  3027 | D:4      | Killed a phantom
  3027 | D:4      | Reached skill level 5 in Fighting
  3027 | D:4      | Reached skill level 5 in Staves
  3027 | D:4      | Reached skill level 5 in Armour
  3078 | D:4      | Got a twitching ivory ring
  3083 | D:4      | Identified the ring "Sidog" {+Fly rN+ MR+} (You found it on
                  | level 4 of the Dungeon)
  3143 | D:4      | Found a stormy altar of Qazlal.
  3153 | D:4      | Reached XP level 7. HP: 52/56 MP: 10/10
  3463 | D:5      | Entered Level 5 of the Dungeon
  3625 | D:5      | Found an ancient bone altar of Kikubaaqudgha.
  3630 | D:5      | Reached skill level 5 in Stealth
  3858 | D:5      | Reached XP level 8. HP: 63/63 MP: 12/12
  3917 | D:5      | Noticed Eustachio
  3943 | D:5      | Killed Eustachio
  4409 | D:6      | Found a white marble altar of Elyvilon.
  4834 | D:6      | Found a staircase to the Ecumenical Temple.
  4956 | D:6      | Found a glowing drain.
  4960 | Sewer    | Entered a sewer
  5000 | Sewer    | Reached XP level 9. HP: 66/69 MP: 14/14
  5060 | Sewer    | Learned a level 1 spell: Freeze
  5064 | Sewer    | Learned a level 3 spell: Frozen Ramparts
  5069 | Sewer    | Learned a level 4 spell: Summon Ice Beast
  5073 | Sewer    | Learned a level 3 spell: Ozocubu's Armour
  5324 | Sewer    | Got an ichor-stained leather armour
  5759 | D:6      | Identified the +0 leather armour of the Yeti {rElec Int+3}
                  | (You found it in a sewer)
  6079 | D:7      | Reached skill level 5 in Throwing
  6079 | D:7      | Reached skill level 5 in Dodging
  6925 | D:8      | Noticed a two-headed ogre
  6942 | D:8      | Killed a two-headed ogre
  6942 | D:8      | Reached skill level 5 in Invocations
  6942 | D:8      | Reached XP level 10. HP: 51/77 MP: 10/17
  7160 | D:8      | Reached skill level 5 in Conjurations
  7160 | D:8      | Reached skill level 5 in Hexes
  7160 | D:8      | Reached skill level 5 in Summonings
  7160 | D:8      | Reached skill level 5 in Necromancy
  7160 | D:8      | Reached skill level 5 in Translocations
  7160 | D:8      | Reached skill level 5 in Transmutations
  7160 | D:8      | Reached skill level 5 in Fire Magic
  7160 | D:8      | Reached skill level 5 in Ice Magic
  7160 | D:8      | Reached skill level 5 in Air Magic
  7160 | D:8      | Reached skill level 5 in Earth Magic
  7160 | D:8      | Reached skill level 5 in Poison Magic
  7160 | D:8      | Reached XP level 11. HP: 85/85 MP: 17/20
  7288 | D:8      | Noticed Grum
  7301 | D:8      | Killed Grum
  7412 | D:8      | Noticed a four-headed hydra
  7420 | D:8      | Learned a level 2 spell: Searing Ray
  7428 | D:8      | Noticed Harold
  7434 | D:8      | Killed a four-headed hydra
  7434 | D:8      | Noticed Prince Ribbit
  7802 | D:8      | Killed Harold
  7873 | D:8      | Killed Prince Ribbit
  7952 | D:8      | Learned a level 1 spell: Apportation
  7954 | D:8      | Learned a level 1 spell: Animate Skeleton
  8356 | D:9      | Learned a level 3 spell: Mephitic Cloud
  8567 | D:9      | Found a sacrificial altar of Ru.
  9092 | D:10     | Entered Level 10 of the Dungeon
  9209 | D:10     | Found a staircase to the Lair.
  9422 | D:10     | Got a brightly glowing falchion
  9426 | D:10     | Identified the +5 falchion of Expedience {drain, *Slow +Inv
                  | SInv Stlth+} (You found it on level 10 of the Dungeon)
 10252 | D:11     | Noticed an unseen horror
 10253 | D:11     | Killed an unseen horror
 10349 | D:11     | Reached XP level 12. HP: 53/94 MP: 12/22
 12131 | Lair:1   | Entered Level 1 of the Lair of Beasts
 12372 | Lair:1   | Noticed a seven-headed hydra
 12405 | Lair:1   | Killed a seven-headed hydra
 12635 | Lair:1   | Noticed a five-headed hydra
 12649 | Lair:1   | Killed a five-headed hydra
 13615 | Lair:2   | Found a gate leading to a gauntlet.
 13627 | Gauntlet | Entered a Gauntlet
 13627 | Gauntlet | Found a transporter.
 13627 | Gauntlet | Found a transporter.
 13875 | Gauntlet | Found a transporter.
 13875 | Gauntlet | Found a transporter.
 13877 | Gauntlet | Found a large runed translucent door.
 13878 | Gauntlet | Found a large runed translucent door.
 13879 | Gauntlet | Found a large runed translucent door.
 13879 | Gauntlet | Found a large runed translucent door.
 13879 | Gauntlet | Found a runed translucent door.
 13880 | Gauntlet | Found a large runed translucent door.
 13881 | Gauntlet | Found a large runed translucent door.
 13882 | Gauntlet | Found a large runed translucent door.
 13882 | Gauntlet | Found a large runed translucent door.
 13883 | Gauntlet | Found a runed translucent gate.
 13891 | Gauntlet | Found a transporter.
 13892 | Gauntlet | Noticed a death scarab
 13894 | Gauntlet | Noticed a hell hog
 13895 | Gauntlet | Found a transporter.
 13895 | Gauntlet | Found a transporter.
 13919 | Gauntlet | Found a transporter.
 13921 | Gauntlet | Found a runed translucent gate.
 13921 | Gauntlet | Found a runed translucent gate.
 13923 | Gauntlet | Found a large runed translucent door.
 13924 | Gauntlet | Found a large runed translucent door.
 13926 | Gauntlet | Found a transporter.
 13929 | Gauntlet | Noticed a fire dragon
 13929 | Gauntlet | a manticore changed into a fire dragon
 13938 | Gauntlet | Found a transporter.
 13942 | Gauntlet | Noticed a minotaur
 13945 | Gauntlet | Found a runed translucent door.
 13954 | Gauntlet | Found a large runed translucent door.
 13954 | Gauntlet | Found a large runed translucent door.
 13954 | Gauntlet | Found a large runed translucent door.
 13954 | Gauntlet | Found a large runed translucent door.
 13955 | Gauntlet | Found a large runed translucent door.
 13956 | Gauntlet | Found a transporter.
 13956 | Gauntlet | Found a large runed translucent door.
 13977 | Gauntlet | Noticed a death ooze
 13980 | Gauntlet | Found a transporter.
 14014 | Gauntlet | Found a transporter.
 14027 | Gauntlet | Noticed a soul eater
 14028 | Gauntlet | Found a transporter.
 14129 | Gauntlet | Found a transporter.
 14143 | Gauntlet | Found a transporter.
 14144 | Gauntlet | Noticed a death ooze
 14158 | Gauntlet | Noticed an alligator snapping turtle
 14162 | Gauntlet | Noticed a two-headed ogre
 14163 | Gauntlet | Noticed a shadow dragon
 14163 | Gauntlet | an alligator snapping turtle changed into a shadow dragon
 14164 | Gauntlet | Noticed a fire giant
 14164 | Gauntlet | a shadow dragon changed into a fire giant
 14168 | Gauntlet | Noticed an alligator snapping turtle
 14168 | Gauntlet | a fire giant changed into an alligator snapping turtle
 14173 | Gauntlet | Noticed a sphinx
 14173 | Gauntlet | an alligator snapping turtle changed into a sphinx
 14174 | Gauntlet | Noticed a quicksilver dragon
 14174 | Gauntlet | a sphinx changed into a quicksilver dragon
 14185 | Gauntlet | Noticed a shadow dragon
 14185 | Gauntlet | a quicksilver dragon changed into a shadow dragon
 14191 | Gauntlet | Noticed a shock serpent
 14191 | Gauntlet | a swamp dragon changed into a shock serpent
 14448 | Gauntlet | Noticed an azure jelly
 14460 | Gauntlet | Noticed a stone giant
 14460 | Gauntlet | an azure jelly changed into a stone giant
 15067 | Gauntlet | Noticed a two-headed ogre
 15067 | Gauntlet | a swamp dragon changed into a two-headed ogre
 15079 | Gauntlet | Noticed an iron troll
 15092 | Gauntlet | Noticed a quicksilver dragon
 15092 | Gauntlet | an iron troll changed into a quicksilver dragon
 15131 | Gauntlet | Noticed a ghost moth
 15131 | Gauntlet | Noticed a fire dragon
 15131 | Gauntlet | a ghost moth changed into a fire dragon
 15133 | Gauntlet | Noticed a satyr
 15133 | Gauntlet | a fire dragon changed into a satyr
 15135 | Gauntlet | Noticed an ettin
 15135 | Gauntlet | a satyr changed into an ettin
 15139 | Gauntlet | Noticed a spark wasp
 15139 | Gauntlet | an ettin changed into a spark wasp
 15143 | Gauntlet | Noticed a great orb of eyes
 15143 | Gauntlet | a spark wasp changed into a great orb of eyes
 15145 | Gauntlet | Paralysed by a great orb of eyes for 3 turns
 15145 | Gauntlet | Killed from afar by a quicksilver dragon (shapeshifter)

Illustrated notes

Levels and vault maps discovered:
D:1:      lightli_arrival_flooded_house, layout_loops_ring,
          minmay_strange_pillars, corexii_item_surrounded_by_moat,
          serial_bayou_ford_a, nrook_mini_backslash
D:2:      layout_basic, grunt_temple_overflow_diamond, cheibriados_altar_1
D:3:      layout_basic, chequers_ecumenical_altar_simple_redux,
          trog_hazing_becter
D:4:      layout_basic, overflow_temple_1_default
D:5:      layout_basic, kennysheep_vampire_church, uniq_eustachio
D:6:      layout_loops_ring, overflow_temple_1_default,
          lemuel_temple_firewalk_b, gup_sewer_entry_spiral
D:7:      layout_loops_ring, hangedman_decor_opposing
D:8:      layout_cave_pods, nicolae_overflow_hidden_temple, uniq_prince_ribbit1,
          uniq_grum, uniq_harold
D:9:      layout_cave_pools, nicolae_ru_awakened_eye
D:10:     layout_roguey, minmay_lair_entry_grove, chequers_avenue,
          interstate_on_off
D:11:     layout_rooms, chequers_serial_rivers_room_a
Lair:1:   layout_concentric_octagons, grunt_megastairs_2
Lair:2:   layout_chaotic_city, minmay_shoals_entry_hut,
          nicolae_volcano_entry_lava_flow, gauntlet_entry_generic,
          beast_lair_carwin_6, serial_bayou_shore_b, serial_bayou_shore_a,
          minmay_lair_oklob_chamber, grunt_megastairs_4
Gauntlet: gammafunk_gauntlet_branching [gammafunk_gauntlet_arena_teeth,
          nicolae_gauntlet_arena_flowing_pool,
          gammafunk_gauntlet_arena_split_diamond,
          gammafunk_gauntlet_arena_split_x,
          minmay_gauntlet_arena_make_your_own_arena,
          nicolae_gauntlet_arena_grate_2, gammafunk_gauntlet_arena_hedges,
          nicolae_gauntlet_arena_blocks, gauntlet_exit_spiral]

Skill      XL: |  1  2  3  4  5  6  7  8  9 10 11 12 |
---------------+-------------------------------------+-----
Invocations    | 1 2 3 4 5 6 7 8 |  8.6
Short Blades   | 1 2 3 4 6 7 |  7.8
Long Blades    | 1 2 3 4 6 7 |  7.8
Axes           | 1 2 3 4 6 7 |  7.8
Maces & Flails | 1 2 3 4 6 7 |  7.8
Polearms       | 1 2 3 4 6 7 |  7.8
Slings         | 1 2 3 4 6 7 |  7.8
Bows           | 1 2 3 4 6 7 |  7.8
Crossbows      | 1 2 3 4 6 7 |  7.8
Shields        | 1 2 3 4 6 7 |  7.8
Unarmed Combat | 1 2 3 4 6 7 |  7.8
Spellcasting   | 1 2 3 4 6 7 |  7.8
Evocations     | 1 2 3 4 6 7 |  7.8
Conjurations   | 1 2 3 5 6 |  6.5
Hexes          | 1 2 3 5 6 |  6.5
Summonings     | 1 2 3 5 6 |  6.5
Necromancy     | 1 2 3 5 6 |  6.5
Translocations | 1 2 3 5 6 |  6.5
Transmutations | 1 2 3 5 6 |  6.5
Fire Magic     | 1 2 3 5 6 |  6.5
Ice Magic      | 1 2 3 5 6 |  6.5
Air Magic      | 1 2 3 5 6 |  6.5
Earth Magic    | 1 2 3 5 6 |  6.5
Poison Magic   | 1 2 3 5 6 |  6.5
Throwing       | 3 4 5 6 7 8 |  8.3
Dodging        | 3 4 5 6 7 8 |  8.3
Fighting       | 5 6 7 8 9 |  9.1
Staves         | 5 6 7 8 9 |  9.1
Armour         | 5 6 7 8 9 |  9.1
Stealth        | 5 6 7 8 9 |  9.0

Action                   |  1- 3 |  4- 6 |  7- 9 | 10-12 || total
-------------------------+-------+-------+-------+-------++-------
Melee: Quarterstaff      |    73 |   100 |   346 |   200 ||   719
       Bite              |     2 |    12 |    58 |    83 ||   155
       War axe           |       |    13 |    61 |    39 ||   113
       Punch             |       |       |     3 |     3 ||     6
       Falchion          |       |       |       |   189 ||   189
       Mace              |       |       |       |     3 ||     3
 Fire: Arbalest          |       |       |     7 |       ||     7
       Hunting sling     |       |       |       |    27 ||    27
Throw: Throwing net      |       |     2 |       |       ||     2
       Dart              |       |       |     3 |     1 ||     4
 Cast: Frozen Ramparts   |       |       |     2 |    55 ||    57
       Ozocubu's Armour  |       |       |     1 |    16 ||    17
       Searing Ray       |       |       |       |    17 ||    17
       Summon Ice Beast  |       |       |       |    19 ||    19
       Freeze            |       |       |       |     7 ||     7
Invok: Potion Petition   |       |     1 |       |     1 ||     2
 Abil: Evoke Invisibilit |       |       |       |     1 ||     1
  Use: Scroll            |     6 |     3 |     4 |    14 ||    27
       Potion            |       |       |       |     4 ||     4
 Stab: Sleeping          |     7 |     1 |     6 |     8 ||    22
       Distracted        |       |       |     2 |     6 ||     8
Armor: Ring mail         |    15 |     9 |       |       ||    24
       Chain mail        |       |    32 |    22 |       ||    54
       Plate armour      |       |       |    98 |       ||    98
       Leather armour    |       |       |    21 |   106 ||   127
Dodge: Dodged            |    46 |    48 |   140 |   282 ||   516
Block: Other             |     4 |    22 |    75 |    41 ||   142
       Reflection        |     2 |     5 |     4 |     5 ||    16
       Buckler           |       |       |       |    93 ||    93
       Rpst.: Falchion   |       |       |       |    33 ||    33

Table legend:
 A = Non-vault XP
 B = Vault XP
 C = Vault XP percentage of total XP
 D = Non-vault monster count
 E = Vault monster count
 F = Vault count percentage of total count
                 A         B        C        D         E       F
            +---------+---------+-------+---------+---------+-------
      Total |   18411 |    8541 |  31.7 |     257 |      84 |  24.6
            +---------+---------+-------+---------+---------+-------
        D:1 |      39 |       0 |   0.0 |      20 |       0 |   0.0
        D:2 |      62 |       0 |   0.0 |      17 |       0 |   0.0
        D:3 |     221 |      11 |   4.7 |      20 |       6 |  23.1
        D:4 |     439 |       0 |   0.0 |       9 |       0 |   0.0
        D:5 |     454 |     256 |  36.1 |      18 |       9 |  33.3
        D:6 |     773 |      61 |   7.3 |      22 |       8 |  26.7
        D:7 |    1103 |       0 |   0.0 |      27 |       0 |   0.0
        D:8 |    1855 |    1802 |  49.3 |      13 |       6 |  31.6
        D:9 |    1546 |       0 |   0.0 |      33 |       0 |   0.0
       D:10 |    1389 |    1744 |  55.7 |      22 |      12 |  35.3
       D:11 |    3555 |       0 |   0.0 |      25 |       0 |   0.0
     Lair:1 |    4765 |    1371 |  22.3 |      18 |       8 |  30.8
     Lair:2 |    2210 |    1486 |  40.2 |      13 |       4 |  23.5
      Sewer |       0 |     625 | 100.0 |       0 |      24 | 100.0
   Gauntlet |       0 |    1185 | 100.0 |       0 |       7 | 100.0
            +---------+---------+-------+---------+---------+-------
